 Dungeon Crawl Stone Soup version 0.24.0-13-gcf9b319 (webtiles) character file.

Game seed: 8904420512527576143, levelgen mode: deterministic

786 Bronimir the Chiller (level 7, -2/50 HPs)
             Began as a Barachi Ice Elementalist on Apr 3, 2020.
             Slain by a hippogriff (8 damage)
             ... while paralysed by Grinder
             ... on level 5 of the Dungeon.
             The game lasted 00:15:29 (6821 turns).

Bronimir the Chiller (Barachi Ice Elementalist)     Turns: 6821, Time: 00:15:29

Health: -2/50      AC:  3    Str: 11    XL:     7   Next: 86%
Magic:  1/12       EV:  2    Int: 16    God:
Gold:   115        SH:  0    Dex: 12    Spells: 3/13 levels left

rFire    . . .     SeeInvis .   y - +0 battleaxe
rCold    . . .     Gourm    .   (shield currently unavailable)
rNeg     . . .     Faith    .   j - +0 leather armour
rPois    .         Spirit   .   (no helmet)
rElec    .         Reflect  .   (no cloak)
rCorr    .         Harm     .   (no gloves)
MR       .....                  (no boots)
Stlth    ++........             (no amulet)
HPRegen  0.16/turn              (no ring)
MPRegen  0.13/turn              (no ring)

@: paralysed, very slightly contaminated, slow
A: +LOS, swims, slowness 1, strong legs 1
a: Hop


You were on level 5 of the Dungeon.
You were very hungry.

You visited 1 branch of the dungeon, and saw 5 of its levels.

You collected 115 gold pieces.

Inventory:

Hand Weapons
 a - a +0 spear
 b - a +0 hunting sling
 d - a +0 dagger
 y - a +0 battleaxe (weapon)
 z - a +1 falchion of flaming
Missiles
 f - 16 sling bullets
 h - 16 poisoned darts (quivered)
 n - 154 stones
 s - 51 arrows
Armour
 e - a +0 robe
 j - a +0 leather armour (worn)
 p - a +0 shield
Jewellery
 k - an uncursed amulet of harm
Scrolls
 g - 4 scrolls of teleportation
 l - 5 scrolls of identify
 u - a scroll of remove curse
 v - a scroll of enchant armour {unknown}
 B - a scroll of enchant weapon {unknown}
Potions
 i - a potion of mutation {unknown}
 m - 3 potions of heal wounds
 o - a potion of brilliance
 q - a potion of lignification {unknown}
 r - a potion of haste {unknown}
 t - a potion of ambrosia
 w - a potion of magic {unknown}
 x - a potion of degeneration {unknown}
Comestibles
 c - 9 rations


   Skills:
 + Level 2.2 Fighting
 * Level 1.5(2.4) Axes
 + Level 2.5(2.7) Polearms
 + Level 0.3(0.4) Slings
 * Level 3.2 Armour
 + Level 2.8 Dodging
 - Level 1.7 Stealth
 * Level 1.7 Shields
 + Level 0.4 Unarmed Combat
 + Level 3.8 Spellcasting
 * Level 2.9 Conjurations
 + Level 0.3 Charms
 * Level 1.8 Summonings
 * Level 6.2 Ice Magic


You had 3 spell levels left.
You knew the following spells:

 Your Spells              Type           Power        Failure   Level  Hunger
a - Freeze                Ice            ###.         1%          1    None
b - Throw Frost           Conj/Ice       ###...       4%          2    ##.....
c - Ozocubu's Armour      Chrm/Ice       ##......     17%         3    ###....
d - Summon Ice Beast      Ice/Summ       ###.....     38%         4    ####...

Your spell library contained the following spells:

 Spells                   Type           Power        Failure   Level  Hunger
 Throw Icicle             Conj/Ice       ###.....     32%         4    ####...


Dungeon Overview and Level Annotations

Branches:
Dungeon (5/15)
 Temple: D:4-7

Altars:
Fedhas
Hepliaklqana
Makhleb
Trog
Uskayaw
Zin

Shops:
D:4 *

Annotations:
D:5 Grinder


Innate Abilities, Weirdness & Mutations

Shadows flee at your approach. (+LOS)
You can swim through water.
You cover ground slowly.
You can hop short distances.


Message History

Grinder hits you!
You are feeling very hungry.
Grinder blinks!
Grinder gestures at you. You resist with significant effort.
Grinder gestures at you.
You suddenly lose the ability to move!
All of the chunks of flesh in your inventory have rotted away.
The hippogriff bites you! The hippogriff pecks you.
* * * LOW HITPOINT WARNING * * *
The hippogriff claws you.
* * * LOW HITPOINT WARNING * * *
Grinder gestures at you.
You struggle to resist.
The hippogriff bites you but does no damage.
The hippogriff pecks you.
* * * LOW HITPOINT WARNING * * *
The hippogriff claws you but does no damage.
The hippogriff bites you!
You die...

#..............#....
##.............. .)##.
##.................
#.................#
##...#.##.........###
#####......#.......
###..>.###....#
#.......##....###
.##.....@H##......###..
............#...........
#.................!......
###.................#...#
#....#......5........#
.......................#
#........##.......#......
#...###............#.#...
#.# #.#.............# ..


You could see a hippogriff and Grinder.

Vanquished Creatures
  A water moccasin (D:5)
  Purgy (D:3)
  An ogre (D:4)
  Blork the orc (D:4)
  A hound (D:5)
  An orc priest (D:4)
  An orc wizard (D:3)
  An iguana (D:4)
  2 bullfrog skeletons
  2 worker ants
  Terence (D:2)
  A hound skeleton (D:4)
  A worker ant zombie (D:5)
  5 adders
  An ooze (D:3)
  An adder skeleton (D:5)
  3 worms
  5 dart slugs
  2 leopard geckos
  11 orcs
  A ball python (D:1)
  9 giant cockroaches
  5 goblins
  8 hobgoblins
  9 jackals (D:3)
  4 quokkas
  8 bats
  6 frilled lizards
  7 kobolds
  4 rats
104 creatures vanquished.

Notes
Turn   | Place    | Note
-------+----------+-------------------------------------------
     0 | D:1      | Bronimir the Barachi Ice Elementalist began the quest for
                  | the Orb.
     0 | D:1      | Reached XP level 1. HP: 13/13 MP: 3/3
    22 | D:1      | Reached skill level 4 in Ice Magic
    32 | D:1      | Reached XP level 2. HP: 10/19 MP: 0/5
   230 | D:1      | Learned a level 2 spell: Throw Frost
   816 | D:1      | Reached XP level 3. HP: 24/24 MP: 6/6
   821 | D:1      | Learned a level 3 spell: Ozocubu's Armour
  1074 | D:2      | Found a bloodstained altar of Trog.
  1081 | D:2      | Noticed Terence
  1089 | D:2      | Killed Terence
  1089 | D:2      | Reached skill level 1 in Armour
  1111 | D:2      | Reached XP level 4. HP: 30/30 MP: 2/7
  1520 | D:2      | Reached skill level 5 in Ice Magic
  2272 | D:3      | Found a hazy altar of Hepliaklqana.
  2309 | D:3      | Noticed an ogre
  2495 | D:3      | Reached XP level 5. HP: 35/36 MP: 0/9
  2871 | D:3      | Found a blossoming altar of Fedhas.
  3208 | D:3      | Noticed Purgy
  3818 | D:3      | Killed Purgy
  3818 | D:3      | Reached skill level 1 in Polearms
  3818 | D:3      | Reached XP level 6. HP: 11/42 MP: 2/10
  4152 | D:3      | Reached skill level 1 in Fighting
  4546 | D:3      | Learned a level 4 spell: Summon Ice Beast
  4810 | D:4      | Found Guugin's Assorted Antiques.
  5063 | D:4      | Reached XP level 7. HP: 26/49 MP: 5/12
  5232 | D:4      | Reached skill level 1 in Summonings
  5504 | D:4      | Reached skill level 1 in Shields
  5558 | D:4      | Noticed a +0 hand axe
  5559 | D:4      | Noticed a +0 hand axe
  5567 | D:4      | Found a hide-covered altar of Uskayaw.
  5612 | D:4      | Noticed Blork the orc
  5619 | D:4      | Killed Blork the orc
  5955 | D:5      | Entered Level 5 of the Dungeon
  5967 | D:5      | Reached skill level 6 in Ice Magic
  6051 | D:5      | Found a burning altar of Makhleb.
  6052 | D:5      | Found a glowing silver altar of Zin.
  6052 | D:5      | Noticed an angel
  6053 | D:5      | Noticed a blizzard demon
  6061 | D:5      | Reached skill level 1 in Axes
  6086 | D:5      | HP: 2/50 [poisoned by a water moccasin]
  6790 | D:5      | Noticed Grinder
  6806 | D:5      | Noticed a hippogriff
  6817 | D:5      | Paralysed by Grinder for 6 turns
  6821 | D:5      | Slain by a hippogriff

Levels and vault maps discovered:
D:1:      dpeg_arrival_shelter, layout_rooms, roderic_three_in_a_row
D:2:      layout_basic, lemuel_doored_altar, first_ration, dk_noncrumbling_3,
          uniq_terence
D:3:      layout_basic, lemuel_crystal_altar, marbit_many_paths,
          kennysheep_generic_room_6, uniq_purgy
D:4:      layout_loops_ring, dancing_weapons_uskayaw, serial_shops,
          kennysheep_mini, uniq_blork_the_orc
D:5:      layout_cave_pools, grunt_temple_overflow_order_and_chaos_2,
          minmay_holes, uniq_grinder

Skill      XL: |  1  2  3  4  5  6  7 |
---------------+----------------------+-----
Ice Magic      | 4 5 6 |  6.2
Armour         | 1 2 3 |  3.2
Spellcasting   | 3 |  3.8
Polearms       | 1 2 |  2.5
Conjurations   | 2 |  2.9
Fighting       | 1 2 |  2.2
Summonings     | 1 |  1.8
Shields        | 1 |  1.7
Axes           | 1 |  1.5
Slings         | |  0.3
Dodging        | |  2.8
Stealth        | |  1.7
Unarmed Combat | |  0.4
Charms         | |  0.3

Action                   |  1- 3 |  4- 6 |  7- 9 || total
-------------------------+-------+-------+-------++-------
Melee: Unarmed           |    22 |       |       ||    22
       Spear             |    87 |   269 |    31 ||   387
       Punch             |       |     1 |       ||     1
       Battleaxe         |       |       |    37 ||    37
 Fire: Hunting sling     |       |     9 |       ||     9
Throw: Dart              |     5 |       |       ||     5
 Cast: Freeze            |    12 |    46 |    30 ||    88
       Ozocubu's Armour  |     1 |     9 |     3 ||    13
       Throw Frost       |       |     4 |       ||     4
       Summon Ice Beast  |       |       |     1 ||     1
  Use: Scroll            |       |     4 |     1 ||     5
       Potion            |       |     3 |     2 ||     5
 Stab: Sleeping          |     2 |    13 |     1 ||    16
  Eat: Chunk             |     1 |    12 |     3 ||    16
       Ration            |       |     1 |     1 ||     2
Armor: Robe              |    10 |       |       ||    10
       Leather armour    |    16 |   117 |    19 ||   152
Dodge: Dodged            |    69 |   224 |    60 ||   353
